 Dungeon Crawl Stone Soup version 0.19.5 (webtiles) character file.

727 greprep the Magician (level 7, -5/37 HPs)
             Began as a Deep Elf Ice Elementalist on May 7, 2017.
             Slain by an ogre
             ... wielding a +0 giant club
              (28 damage)
             ... on level 5 of the Dungeon.
             The game lasted 00:17:06 (5727 turns).

greprep the Magician (Deep Elf Ice Elementalist)    Turns: 5727, Time: 00:17:07

Health: -5/37      AC:  3    Str:  5    XL:     7   Next: 44%
Magic:  13/19      EV: 14    Int: 22    God:
Gold:   188        SH:  0    Dex: 15    Spells: 3 memorised, 12 levels left

rFire  . . .     SeeInvis .     e - -3 dagger (curse)
rCold  . . .     Gourm    .     a - +0 robe
rNeg   . . .     Faith    .     (no shield)
rPois  .         Spirit   .     (no helmet)
rElec  .         Reflect  .     c - +0 cloak
rCorr  +         Harm     .     (no gloves)
MR     .....                    (no boots)
Stlth  ++++......               (no amulet)
                                n - ring of resist corrosion
                                d - ring of stealth

@: no status effects
A: no striking features
a: no special abilities


You were on level 5 of the Dungeon.
You were not hungry.

You visited 1 branch of the dungeon, and saw 5 of its levels.
You also visited: Sewer.

You collected 188 gold pieces.

Inventory:

Hand Weapons
 e - a cursed -3 dagger (weapon)
 f - a +0 dagger
Armour
 a - a +0 robe (worn)
 c - a +0 cloak (worn)
Jewellery
 d - a ring of stealth (left hand)
 n - a ring of resist corrosion (right hand)
Scrolls
 j - a scroll of fear
 o - a scroll of identify
Potions
 h - 2 potions of degeneration {unknown}
 i - 2 potions of curing
 l - a potion of brilliance {unknown}
Books
 b - a book of Frost

   Spells                             Type                      Level
   a - Freeze                         Ice                          1
   b - Throw Frost                    Conjuration/Ice              2
   c - Ozocubu's Armour               Charms/Ice                   3
   d - Throw Icicle                   Conjuration/Ice              4
   e - Summon Ice Beast               Ice/Summoning                4
Comestibles
 m - 3 beef jerkies


   Skills:
 + Level 0.5 Fighting
 + Level 3.4 Dodging
 + Level 4.4 Stealth
 + Level 6.9 Spellcasting
 + Level 2.6 Conjurations
 + Level 6.4 Ice Magic


You had 12 spell levels left.
You knew the following spells:

 Your Spells              Type           Power        Failure   Level  Hunger
a - Freeze                Ice            ####         1%          1    None
b - Throw Frost           Conj/Ice       ####..       1%          2    None
c - Throw Icicle          Conj/Ice       ####....     14%         4    ###....


Dungeon Overview and Level Annotations

Branches:
Dungeon (5/15)
 Temple: D:4-7

Altars:
Hepliaklqana
Nemelex Xobeh
The Shining One

Shops:
D:4 :


Message History

The ogre is heavily wounded.
Found a scroll labeled VEFYM LOANOSU.
Casting: Throw Frost
Confirm with . or Enter, or press ? or * to list all spells.
Aiming: Freeze
Press: ? - help, Shift-Dir - straight line, f/p - ogre
Aim: an ogre, wielding a giant club (heavily wounded)
You freeze the ogre.
The ogre is heavily wounded.
The ogre closely misses you.
Casting: Freeze
Confirm with . or Enter, or press ? or * to list all spells.
Aiming: Freeze
Press: ? - help, Shift-Dir - straight line, f/p - ogre
Aim: an ogre, wielding a giant club (heavily wounded)
You freeze the ogre.
The ogre is heavily wounded.
The ogre hits you with a giant club!!
Ouch! That really hurt!
You die...

###. #+# . #) ...# #.#
.. #. #.###.###.
#.####........
#...........#
####...........#######
.............O@..?....
#####...........#######
.......<........#
................#
................#
#####.......?..?#
#...........#
#..........%#
#...........#


You could see an ogre.

Vanquished Creatures
  Purgy (Sewer)
  An ogre (D:4)
  A scorpion (D:4)
  A crimson imp (D:4)
  2 hounds (D:4)
  3 orc priests
  A centaur skeleton (D:4)
  Jessica (D:3)
  An iguana (D:4)
  An orc wizard (D:4)
  11 adders
  An adder skeleton (D:4)
  3 worms
  A dart slug (D:3)
  7 leopard geckos
  9 orcs
  3 giant cockroaches
  5 goblins
  6 hobgoblins
  4 jackals
  12 kobolds
  4 quokkas
  A ball python (D:2)
  11 bats
  10 frilled lizards
  4 rats
105 creatures vanquished.

Notes
Turn   | Place    | Note
-------+----------+-------------------------------------------
     0 | D:1      | greprep the Deep Elf Ice Elementalist began the quest for the Orb.
     0 | D:1      | Reached XP level 1. HP: 10/10 MP: 6/6
   411 | D:1      | Reached XP level 2. HP: 15/15 MP: 6/8
   415 | D:1      | Learned a level 2 spell: Throw Frost
  1208 | D:2      | Reached XP level 3. HP: 19/19 MP: 2/10
  1594 | D:2      | Reached XP level 4. HP: 17/24 MP: 0/11
  2401 | D:3      | Found a sparkling altar of Nemelex Xobeh.
  2447 | D:3      | Found a glowing drain.
  2500 | D:3      | Reached XP level 5. HP: 9/28 MP: 0/13
  2607 | Sewer    | Entered a sewer
  2708 | Sewer    | Learned a level 4 spell: Throw Icicle
  2885 | Sewer    | Noticed Purgy
  2910 | Sewer    | Killed Purgy
  2910 | Sewer    | Reached skill level 5 in Spellcasting
  2910 | Sewer    | Reached skill level 5 in Ice Magic
  3472 | D:3      | Reached XP level 6. HP: 29/32 MP: 11/15
  3612 | D:3      | Noticed Jessica
  3621 | D:3      | Killed Jessica
  3667 | D:3      | Found a hazy altar of Hepliaklqana.
  4615 | D:4      | Found Ywkuv's Book Boutique.
  4782 | D:4      | Found a glowing golden altar of the Shining One.
  4878 | D:4      | Reached XP level 7. HP: 33/37 MP: 7/18
  5715 | D:5      | Entered Level 5 of the Dungeon
  5727 | D:5      | Slain by an ogre

Skill      XL: |  1  2  3  4  5  6  7 |
---------------+----------------------+-----
Stealth        | 3 4 |  4.4
Ice Magic      | 4 5 6 |  6.4
Spellcasting   | 4 5 6 |  6.9
Dodging        | 3 |  3.4
Conjurations   | 2 |  2.6
Fighting       | |  0.5

Action                   |  1- 3 |  4- 6 |  7- 9 || total
-------------------------+-------+-------+-------++-------
Melee: Unarmed           |     2 |       |       ||     2
       Dagger            |    42 |    18 |     1 ||    61
 Cast: Freeze            |    29 |    66 |    25 ||   120
       Throw Frost       |    30 |    35 |     9 ||    74
       Throw Icicle      |       |     2 |     4 ||     6
  Use: Scroll            |       |     6 |     1 ||     7
       Potion            |       |     4 |       ||     4
 Stab: Sleeping          |     6 |    11 |       ||    17
  Eat: Bread ration      |     1 |     1 |     1 ||     3
       Meat ration       |       |     1 |       ||     1
       Chunk             |       |       |     2 ||     2
Armor: Robe              |    17 |    19 |     2 ||    38
Dodge: Dodged            |    89 |    63 |    14 ||   166
